Map: Kairos Junction LE

Players

LiquidTLO (TLO)

  • Race: Zerg Zerg
  • League: Master
  • Spawn Location: 11:00

Silky - Winner!

  • Race: Zerg Zerg
  • Spawn Location: 5:00

Event: 2019 WCS Winter Americas

VOD

Have the link to the VOD?

Description

Time

  • Played on: Feb. 9, 2019, 3:36 p.m.
  • Length: 13:34

All games in this series

Show
View Real Time Build Order
Export as new Build Order

LiquidTLO Zerg 

Build Orders: Hatch First 

Get SALT Encoding   

  12  0:00  Drone  
  13  0:12  Overlord  
  13  0:16  Drone  
  14  0:31  Drone x2  
  14  0:35  Drone  
  17  0:52  Hatchery  
  16  1:04  Spawning Pool  
  16  1:07  Drone  
  16  1:11  Drone  
  17  1:14  Drone  
  17  1:16  Extractor  
  17  1:25  Drone  
  18  1:29  Drone  
  19  1:45  Overlord  
  19  1:51  Queen, Zergling x2  
  22  2:03  Queen  
  22  2:05  Drone x2  
  26  2:12  Drone  
  26  2:14  Drone  
  28  2:15  Metabolic Boost  
  28  2:23  Drone  
  28  2:26  Drone  
  30  2:40  Hatchery  
  30  2:41  Drone  
  29  2:48  Baneling Nest  
  29  2:50  Zergling x2  
  29  2:54  Overlord  
  29  2:56  Drone  
  30  2:59  Overlord  
  30  3:00  Drone  
  30  3:02  Drone  
  30  3:05  Drone  
  33  3:09  Drone  
  33  3:10  Drone  
  35  3:14  Drone x2  
  35  3:16  Zergling x2  
  35  3:18  Drone  
  39  3:23  Drone x2  
  41  3:29  Queen  
  41  3:31  Baneling x2  
  41  3:32  Drone  
  44  3:35  Drone  
  45  3:43  Drone  
  45  3:44  Evolution Chamber, Drone  
  46  3:48  Zergling x2  
  46  3:50  Zergling x2  
  46  3:53  Zergling x4  
  46  3:54  Zergling x2  
  50  3:56  Zergling x2  
  50  3:58  Queen  
  53  4:06  Extractor, Zergling x4  
  54  4:10  Zerg Missile Weapons Level 1  
  54  4:11  Drone  
  54  4:12  Drone  
  54  4:14  Drone x2  
  58  4:17  Overlord  
  58  4:20  Overlord  
  58  4:22  Overlord  
  56  4:25  Drone  
  56  4:26  Overlord  
  57  4:33  Drone  
  57  4:35  Extractor  
  57  4:36  Lair  
  57  4:38  Extractor  
  57  4:40  Drone  
  57  4:42  Drone  
  57  4:44  Drone x2  
  57  4:45  Drone x3  
  63  4:46  Drone  
  63  4:48  Drone  
  63  4:49  Drone  
  63  4:51  Drone x2  
  66  4:53  Drone  
  66  4:55  Drone  
  68  5:01  Roach Warren  
  68  5:02  Drone  
  68  5:05  Drone  
  68  5:06  Extractor, Drone  
  69  5:07  Zergling x2  
  69  5:08  Zergling x2  
  69  5:09  Drone  
  69  5:11  Drone  
  73  5:16  Drone  
  73  5:18  Overlord  
  72  5:22  Baneling  
  72  5:29  Overlord  
  72  5:30  Drone x2  
  72  5:31  Overlord  
  72  5:35  Overseer  
  74  5:36  Hatchery  
  74  5:38  Drone  
  74  5:42  Glial Reconstitution  
  74  5:44  Roach x4  
  74  5:46  Roach  
  74  5:48  Roach  
  84  5:51  Roach  
  84  5:53  Roach  
  84  5:55  Drone x2  
  84  5:56  Roach  
  90  5:59  Roach x2  
  90  6:01  Roach  
  90  6:03  Roach  
  97  6:08  Zerg Missile Weapons Level 2  
  97  6:12  Roach x2  
  97  6:14  Evolution Chamber  
  97  6:15  Drone  
  97  6:16  Roach  
  97  6:17  Roach  
  97  6:18  Extractor  
  104  6:19  Pneumatized Carapace  
  104  6:21  Ravager x3  
  107  6:26  Overlord  
  107  6:27  Roach  
  107  6:28  Roach  
  107  6:31  Roach, Overlord  
  113  6:39  Drone  
  114  6:40  Overlord  
  114  6:44  Overlord, Burrow  
  114  6:45  Roach  
  116  6:48  Roach x3  
  116  6:49  Roach  
  116  6:51  Roach  
  116  6:54  Roach  
  128  6:55  Overlord  
  128  6:57  Ravager x2  
  128  6:59  Roach  
  132  7:03  Roach x2  
  132  7:05  Roach  
  132  7:06  Roach  
  140  7:08  Roach  
  140  7:12  Roach  
  146  7:15  Roach  
  146  7:16  Roach x2  
  146  7:18  Roach  
  146  7:20  Roach  
  146  7:21  Roach  
  156  7:23  Overlord  
  156  7:25  Drone  
  156  7:27  Roach  
  159  7:30  Tunneling Claws  
  159  7:34  Overlord  
  159  7:36  Overlord x2  
  159  7:38  Overlord  
  159  7:42  Overlord  
  159  7:45  Roach x2  
  159  7:46  Roach  
  159  7:48  Overlord  
  167  7:51  Roach  
  167  7:54  Roach  
  167  7:56  Roach x2  
  173  8:00  Zerg Ground Armor Level 1  
  173  8:06  Roach x2  
  173  8:07  Roach x2  
  173  8:09  Roach  
  173  8:11  Roach  
  173  8:12  Roach  
  187  8:13  Roach  
  189  8:22  Hydralisk Den  
  189  8:25  Roach x2  
  189  8:26  Drone  
  191  8:27  Roach  
  191  8:28  Roach  
  191  8:29  Roach  
  191  8:30  Roach  
  198  8:34  Roach  
  198  8:36  Overlord  
  200  8:42  Roach x8  
  200  8:43  Roach  
  200  8:45  Roach  
  200  8:46  Roach  
  199  8:49  Roach  
  199  8:52  Roach x5  
  199  8:54  Roach  
  200  8:59  Roach x3  
  200  9:00  Roach x4  
  200  9:07  Roach  
  200  9:08  Overlord  
  200  9:09  Roach  
  196  9:11  Roach  
  196  9:13  Roach  
  196  9:16  Roach x9  
  200  9:19  Nydus Network  
  199  9:28  Roach  
  189  9:31  Roach x2  
  189  9:32  Roach x2  
  189  9:34  Roach x2  
  189  9:37  Roach x2  
  188  9:38  Roach x2  
  188  9:39  Roach  
  188  9:40  Roach x2  
  188  9:41  Roach  
  188  9:42  Roach x3  
  188  9:43  Roach  
  194  9:45  Roach  
  194  9:46  Roach  
  194  9:47  Roach, Lurker Den  
  194  9:48  Roach  
  194  9:50  Roach x2  
  194  9:52  Roach  
  197  9:54  Roach  
  197  9:57  Roach  
  197  9:58  Roach  
  199  10:04  Roach  
  199  10:06  Nydus Canal  
  197  10:09  Roach  
  197  10:10  Roach x2  
  197  10:11  Roach  
  197  10:15  Roach  
  197  10:20  Nydus Canal  
  199  10:27  Roach x2  
  199  10:28  Roach  
  196  10:29  Roach x2  
  196  10:35  Roach x3  
  199  10:39  Roach  
  199  10:41  Roach  
  200  10:50  Nydus Canal  
  198  11:06  Roach x17  
  198  11:10  Roach x7  
  198  11:11  Nydus Canal  
  198  11:13  Roach  
  196  11:22  Ravager  
  196  11:25  Roach x2  
  171  11:27  Roach x3  
  171  11:28  Roach  
  171  11:30  Roach x6  
  171  11:31  Roach x4  
  171  11:32  Roach  
  155  11:35  Roach  
  155  11:38  Roach  
  128  11:42  Hydralisk  
  128  11:45  Hydralisk  
  114  11:50  Hydralisk  
  107  11:56  Hydralisk  
  108  12:06  Drone x3  
  111  12:10  Roach x13  
  111  12:18  Lurker x3  
  111  12:20  Hydralisk  
  111  12:21  Roach  
  120  12:23  Roach  
  120  12:26  Roach  
  120  12:29  Roach  
  123  12:32  Nydus Canal  
  123  12:35  Hydralisk  
  125  12:39  Roach x2  
  125  12:41  Overseer  
  125  12:44  Roach  
  131  12:47  Roach  
  127  12:58  Roach  
  127  12:59  Roach x2  
  127  13:01  Roach x2  
  127  13:02  Roach  
  135  13:08  Roach  
Show
View Real Time Build Order
Export as new Build Order

Silky Zerg - Winner!

Build Orders: Hatch First 

Get SALT Encoding   

  12  0:00  Drone  
  13  0:13  Overlord  
  13  0:17  Drone  
  14  0:31  Drone x2  
  16  0:48  Hatchery  
  15  0:51  Drone  
  15  0:54  Drone  
  17  0:58  Drone  
  18  1:08  Extractor  
  17  1:13  Spawning Pool  
  17  1:16  Drone  
  17  1:20  Drone  
  18  1:28  Drone  
  19  1:39  Drone  
  20  1:49  Overlord  
  20  2:00  Queen x2, Drone  
  20  2:01  Drone  
  26  2:08  Metabolic Boost  
  26  2:10  Drone  
  26  2:11  Drone  
  28  2:21  Zergling x2  
  28  2:22  Zergling x2  
  30  2:33  Hatchery  
  30  2:35  Drone  
  30  2:41  Drone  
  31  2:44  Overlord  
  31  2:45  Drone  
  32  2:53  Drone  
  32  2:54  Baneling Nest  
  32  3:04  Drone x2  
  33  3:10  Drone x5  
  38  3:16  Queen  
  38  3:19  Zergling x2  
  41  3:20  Zergling x2  
  41  3:23  Zergling x2  
  43  3:27  Overlord  
  43  3:37  Baneling  
  43  3:39  Drone  
  44  3:42  Evolution Chamber, Overlord  
  44  3:44  Drone  
  44  3:45  Drone x4  
  48  3:49  Drone  
  48  3:50  Drone  
  49  3:57  Drone  
  49  4:00  Extractor  
  49  4:01  Extractor, Drone x2  
  50  4:03  Roach Warren  
  50  4:09  Zergling x4, Zerg Missile Weapons Level 1  
  51  4:11  Drone  
  52  4:18  Zergling x2  
  52  4:22  Drone x2  
  53  4:33  Drone  
  53  4:36  Lair  
  53  4:38  Drone  
  53  4:39  Drone x6  
  60  4:46  Spore Crawler, Drone x3  
  60  4:47  Drone x3  
  60  4:49  Overlord  
  66  4:56  Overlord, Extractor x2  
  64  5:07  Overlord  
  64  5:08  Baneling  
  64  5:10  Drone x2  
  64  5:11  Drone x4  
  70  5:18  Overlord  
  70  5:20  Drone x5  
  74  5:26  Roach  
  76  5:29  Roach x2  
  76  5:32  Roach x3  
  76  5:34  Drone  
  87  5:35  Overseer  
  87  5:39  Roach x2, Hatchery  
  90  5:43  Overlord  
  89  5:52  Overlord  
  89  5:54  Roach x3  
  89  5:55  Roach  
  89  5:56  Glial Reconstitution  
  96  5:59  Nydus Network  
  94  6:08  Drone  
  94  6:09  Drone x3  
  94  6:10  Extractor  
  98  6:14  Ravager x4  
  98  6:15  Roach x2  
  106  6:18  Overlord  
  106  6:19  Hatchery, Pneumatized Carapace, Overseer  
  105  6:25  Overlord x2  
  105  6:33  Overlord  
  105  6:36  Overlord  
  105  6:38  Roach  
  105  6:39  Roach x3  
  113  6:42  Evolution Chamber, Overlord  
  113  6:44  Overlord  
  113  6:46  Roach x6  
  124  6:47  Roach  
  124  6:49  Roach  
  124  6:51  Ravager  
  129  6:56  Roach x2  
  129  7:01  Zerg Missile Weapons Level 2  
  133  7:06  Roach x3  
  133  7:07  Overseer  
  133  7:08  Overseer  
  139  7:11  Overlord  
  139  7:12  Roach x2  
  139  7:13  Roach x4  
  151  7:20  Roach x2  
  155  7:23  Zerg Ground Armor Level 1  
  155  7:25  Roach  
  155  7:26  Roach  
  155  7:28  Roach  
  161  7:31  Roach x2  
  161  7:36  Roach x2  
  169  7:41  Roach x3  
  169  7:42  Overlord x3  
  176  7:44  Ravager  
  176  7:54  Overlord  
  176  7:55  Overlord  
  176  8:00  Overlord  
  176  8:04  Overlord  
  176  8:05  Roach, Hydralisk Den  
  177  8:06  Ravager x2  
  177  8:07  Ravager  
  177  8:10  Queen, Drone x4  
  184  8:27  Roach x6  
  184  8:28  Roach x2  
  196  8:36  Grooved Spines  
  196  8:37  Lurker Den  
  196  8:40  Spine Crawler  
  194  8:42  Spine Crawler  
  184  8:52  Overseer  
  184  8:55  Drone x4  
  182  8:56  Drone x2  
  182  9:01  Roach x10  
  197  9:13  Roach  
  197  9:15  Overlord  
  199  9:23  Drone  
  186  9:33  Drone x3  
  180  9:40  Roach x10  
  180  9:45  Drone  
  200  9:46  Overlord  
  200  9:51  Roach  
  200  9:52  Roach x3  
  199  9:59  Overseer  
  193  10:08  Drone x2  
  193  10:09  Drone x2  
  191  10:14  Roach  
  191  10:15  Roach x3  
  199  10:28  Roach x4  
  199  10:29  Roach x2  
  199  10:40  Roach x3  
  199  10:41  Roach  
  197  10:44  Spine Crawler  
  197  10:45  Spine Crawler  
  195  10:53  Ravager  
  195  10:54  Ravager x3  
  195  10:55  Ravager  
  196  11:20  Roach  
  196  11:21  Roach x3  
  176  11:28  Roach  
  176  11:29  Roach x12  
  138  11:45  Roach x7  
  144  11:52  Roach x5, Queen  
  144  11:53  Queen  
  154  12:02  Roach x2  
  154  12:03  Ravager x2, Roach x2  
  154  12:04  Ravager x3  
  154  12:08  Drone x2, Spine Crawler x2  
  167  12:18  Roach x4  
  175  12:27  Roach x5  
  175  12:28  Roach  
  187  12:39  Roach x4  
  187  12:43  Queen  
  197  12:45  Hydralisk  
  195  13:00  Hydralisk x2  
  195  13:02  Ravager x2  
  195  13:03  Ravager  
  197  13:28  Lurker  
  197  13:29  Lurker  
Tags
 
Add a new tag
Caveats
  • Supply blocks, unpowered buildings, or Contaminate may cause inaccurate times.
  • Supply counts are checked every 10 seconds.